 Dungeon Crawl Stone Soup version 0.18.1-48-g4cf74bf (webtiles) character file.

389582 dvd the Mender (level 22, -15/201 HPs)
             Began as a Deep Dwarf Fighter on Sept 7, 2016.
             Was a Priest of Elyvilon.
             Demolished by a white very ugly thing (50 damage)
             ... on level 1 of the Depths on Sept 8, 2016.
             The game lasted 04:50:59 (46717 turns).

dvd the Mender (Deep Dwarf Fighter)                Turns: 46717, Time: 04:51:00

Health: -15/201    AC: 25    Str: 27    XL:     22   Next: 6%
Magic:  30/31      EV: 16    Int: 10    God:    Elyvilon [***...]
Gold:   2966       SH: 20    Dex: 20    Spells: 2 memorised, 28 levels left

rFire  + . .     SeeInvis +     a - +9 war axe (venom)
rCold  . . .     Gourm    .     N - +6 chain mail "Fufi" {rPois MR+ rCorr Str+3}
rNeg   + . .     Faith    .     h - +4 shield {reflect}
rPois  +         Spirit   .     n - +0 helmet
rElec  .         Dismiss  +     M - +0 cloak "Pinkamio" {Slay+3}
rCorr  +         Reflect  +     L - +2 pair of gloves {Dex+3}
SustAt .         Harm     .     (no boots)
MR     ++++.                    S - amulet of dismissal
Stlth  +.........               t - ring of see invisible
                                p - ring of protection from fire

@: non-regenerating, incredibly resistant to hostile enchantments, very
unstealthy
A: damage resistance, recharge devices, negative energy resistance 1, sense
surroundings 3, slow regeneration 3
a: Device Recharging, Lesser Healing, Heal Other, Purification, Divine
Protection, Renounce Religion
}: 2/15 runes: serpentine, barnacled


You were on level 1 of the Depths.
You worshipped Elyvilon.
Elyvilon was most pleased with you.
You were very hungry.

You visited 9 branches of the dungeon, and saw 43 of its levels.
You also visited: Labyrinth, Ossuary and Wizlab.

You collected 5351 gold pieces.
You spent 2385 gold pieces at shops.

Inventory:

Hand Weapons
 a - a +9 war axe of venom (weapon)
 b - the +10 flail of Foul Odors {crush, rC+ MP+9}
   (You bought it in a shop on level 11 of the Dungeon)

   It inflicts extra damage upon your enemies.
   It protects you from cold.
   It affects your magic capacity (+9).
 c - a +5 broad axe of freezing
 d - a +5 broad axe of chopping
 e - a +0 greatsling
Missiles
 g - 137 sling bullets
 u - 54 javelins (quivered)
 A - 5 tomahawks of returning
Armour
 h - a +4 shield of reflection (worn)
 n - a +0 helmet (worn)
 L - a +2 pair of gloves of dexterity (worn)
 M - the +0 cloak "Pinkamio" (worn) {Slay+3}
   (You found it in a labyrinth)

   It affects your accuracy and damage with ranged weapons and melee attacks
   (+3).
 N - the +6 chain mail "Fufi" (worn) {rPois MR+ rCorr Str+3}
   (You bought it in a shop on level 11 of the Dungeon)

   It affects your strength (+3).
   It protects you from poison.
   It affects your resistance to hostile enchantments.
   It protects you from acid and corrosion.
Jewellery
 p - a ring of protection from fire (left hand)
 t - a ring of see invisible (right hand)
 P - the ring "Nueciles" {rC+ MR- Str+6 Dex+2 Stlth-}
   (You found it on level 8 of the Lair of Beasts)

   [ring of dexterity]

   It affects your strength (+6).
   It affects your dexterity (+2).
   It protects you from cold.
   It affects your resistance to hostile enchantments.
   It makes you less stealthy.
 S - an amulet of dismissal (around neck)
Wands
 o - a wand of digging (11/24)
 s - a wand of lightning (3/15)
 x - a wand of paralysis (3/24)
 y - a wand of iceblast (12/15)
 C - a wand of flame (14/48)
 E - a wand of teleportation (5/9)
 F - a wand of heal wounds (1/9)
 G - a wand of paralysis (12/24)
 I - a wand of disintegration (12/24)
 K - a wand of disintegration (9/24)
 O - a wand of paralysis (18/24)
 Q - a wand of paralysis (16/24)
 T - a wand of flame (30/48)
 W - a wand of confusion (17/48)
Scrolls
 i - 2 scrolls of blinking
 j - 17 scrolls of teleportation
 m - 22 scrolls of remove curse
 v - 11 scrolls of identify
 D - 3 scrolls of fear
 U - 5 scrolls of fog
 V - 7 scrolls of magic mapping
 Y - 2 scrolls of summoning
Potions
 k - a potion of cure mutation
 q - 9 potions of curing
 B - 4 potions of agility
 R - 3 potions of haste
 X - a potion of cancellation
 Z - 4 potions of resistance
Miscellaneous
 w - a sack of spiders {used: 3}
Comestibles
 f - 17 bread rations
 l - 24 meat rations
 z - 47 fruits
 H - 2 slices of pizza
 J - 5 beef jerkies


   Skills:
 + Level 12.9 Fighting
 + Level 17.9(18.2) Axes
 + Level 5.6(12.3) Maces & Flails
 + Level 12.3(15.5) Slings
 + Level 13.7(14.9) Throwing
 + Level 13.1 Armour
 + Level 9.8 Dodging
 + Level 7.2 Stealth
 + Level 16.1 Shields
 * Level 7.1 Spellcasting
 * Level 8.6 Summonings
 - Level 5.3 Translocations
 + Level 18.0 Invocations
 + Level 6.6 Evocations


You had 28 spell levels left.
You knew the following spells:

 Your Spells              Type           Power        Failure   Level  Hunger
a - Aura of Abjuration    Summ           ###.......   71%         5    ######.
b - Blink                 Tloc           N/A          14%         2    ##.....


Dungeon Overview and Level Annotations

Branches:
Dungeon (15/15)            Temple (1/1) D:6            Lair (8/8) D:8
 Shoals (4/4) Lair:6        Snake (4/4) Lair:3        Slime (0/6) Lair:8
    Orc (2/2) D:11            Elf (3/3) Orc:2        Vaults (4/5) D:14
  Crypt (0/3) Vaults:2     Depths (2/5) D:15

Altars:
Ashenzari
Cheibriados
Dithmenos
Elyvilon
Fedhas
Gozag
Kikubaaqudgha
Makhleb
Nemelex Xobeh
Okawaru
Pakellas
Qazlal
Ru
Sif Muna
Trog
Vehumet
Xom
Yredelemnul
Zin
The Shining One
Beogh

Shops:
D:5 !   D:11 ([   D:13 (   Orc:2 !%:(=   Elf:1 *   Elf:2 !   Vaults:2 (

Portals:
Hell: Depths:1
Abyss: Depths:1

Annotations:
D:5 Prince Ribbit


Innate Abilities, Weirdness & Mutations

You are resistant to damage.
You can recharge devices by infusing magical energy.
You resist negative energy.
You passively map a large area around you.
You do not regenerate naturally.


Message History

You hit the white very ugly thing.
The white very ugly thing is heavily wounded.
The white very ugly thing bites you.
* * * LOW HITPOINT WARNING * * *
The white very ugly thing freezes you!!!
* * * LOW HITPOINT WARNING * * *
Your amulet of dismissal vibrates suddenly!
The white very ugly thing disappears!
The white very ugly thing reappears nearby!
The deep troll earth mage bites you but does no damage.
The deep troll earth mage completely misses you.
You block the deep troll earth mage's attack.
Evoke which item? (* to show all) (? for menu, Esc to quit)
Zapping:
F - a wand of heal wounds (2/9)
Press: ? - help, Shift-Dir - straight line, f - you You feel much better.
This wand has 1 charge left.
The white very ugly thing tail-slaps you!
* * * LOW HITPOINT WARNING * * *
The white very ugly thing freezes you!!!
You die...

#...### #####....### #...#.##
##....## ..#.#..## #.....#
..††....## #...### .#..[.##.##
##...# ####††.##.## #...#
..#...##...# #...################
#.###)....####...................
..#......#.....T@................
..##..#........§u....u...........
.##..#..#.......[..............÷.
.######.....#.....)..............
...#.....#.##...)).############.#
..###..#.####...[..# #.#
#).....### #......# #.. ...#...#
#......# #.. ..#..#.# #......#
#..


You could see 2 very ugly things and a deep troll earth mage.

Vanquished Creatures
  Saint Roka (Vaults:4)
  A Cloud Mage (WizLab)
  4 deep elf blademasters (Elf:3)
  A deep elf master archer (Elf:3)
  A sphinx (Depths:1)
  Frances (D:12)
  A kraken (Shoals:3)
  Agnes (Elf:1)
  The ghost of nikopol the Severer, an adept MiBe of Trog (Snake:1)
  Ilsuiw (Shoals:4)
  Donald (Snake:2)
  13 greater nagas
  Wiglaf (Snake:2)
  8 frost giants
  7 deep elf sorcerers
  2 fire giants (Depths:1)
  Louise (D:14)
  Aizul (Snake:2)
  5 deep elf elementalists
  8 vault wardens
  The ghost of nikopol the Severer, a journeyman MiBe of Trog (Lair:7)
  2 ironheart preservers
  A war gargoyle (Vaults:2)
  3 stone giants
  3 very ugly things
  7 deep elf demonologists
  A lorocyproca (Depths:1)
  7 deep elf death magi
  Azrael (Orc:2)
  4 deep elf annihilators (Elf:3)
  A minotaur (Lab)
  An ettin (Depths:1)
  7 merfolk impalers
  5 merfolk javelineers
  The ghost of curty the Unseen, a journeyman NaFE of Okawaru (Orc:1)
  4 yaktaur captains
  3 rakshasas
  An entropy weaver (Depths:1)
  4 fire dragons
  2 great orbs of eyes (Depths:1)
  8 hydras
  A deep elf high priest (Elf:3)
  An ice dragon (Vaults:4)
  The ghost of Galewin the Severer, a journeyman MiBe of Trog (D:10)
  2 spriggan air magi (WizLab)
  13 naga warriors
  3 death knights
  A catoblepas (D:13)
  10 ogre magi
  9 centaur warriors
  5 merfolk aquamancers
  11 anacondas
  2 satyrs
  3 merfolk avatars
  2 deep troll earth magi (Depths:1)
  31 dancing weapons
  12 death yaks
  A deep troll shaman (Depths:1)
  7 orc high priests (Orc:2)
  A tengu warrior (D:13)
  A vampire mage (Depths:1)
  9 naga sharpshooters
  Sonja (D:14)
  7 shock serpents
  A sun demon (D:15)
  A large abomination (Elf:3)
  19 deep elf knights
  A soul eater (Depths:1)
  3 salamander mystics
  9 sea snakes
  An unseen horror (D:10)
  12 deep elf archers
  12 skeletal warriors (Vaults:2)
  A flayed ghost (Vaults:2)
  9 deep trolls
  An obsidian statue (Depths:1)
  A giant orange brain (Depths:1)
  An anubis guard (shapeshifter) (D:13)
  11 naga ritualists
  2 kraken simulacra (Shoals:4)
  2 wizards
  13 harpies
  A necromancer (Vaults:3)
  3 hill giants
  9 ironbrand convokers
  10 mana vipers
  10 orc knights
  A mana viper (shapeshifter) (Vaults:1)
  A hornet (Vaults:4)
  A hornet (shapeshifter) (Elf:2)
  9 fauns
  3 orc sorcerers
  53 ugly things
  53 deep elf magi
  3 wolf spiders
  7 cyclopes
  14 manticores
  14 griffons
  An oklob plant (Lair:7)
  36 black mambas
  6 vault sentinels
  10 sirens
  An octopode (shapeshifter) (Vaults:3)
  2 centaur zombies (D:15)
  2 frost giant skeletons
  8 salamanders
  8 water nymphs
  25 naga magi
  An orange demon (Depths:1)
  The ghost of Biblin the Firebug, a novice GrFE of Vehumet (D:4)
  3 stone giant skeletons (Vaults:2)
  Psyche (D:10)
  A gargoyle (D:9)
  18 guardian serpents
  2 rust devils (Depths:1)
  A yaktaur zombie (Vaults:3)
  17 spiny frogs
  A yaktaur (shapeshifter) (D:15)
  A tormentor (Depths:1)
  2 komodo dragons
  5 freezing wraiths
  A kobold demonologist (Vaults:3)
  A komodo dragon (shapeshifter) (Vaults:2)
  17 yaktaurs
  3 rime drakes
  A hellwing (Depths:1)
  2 yaktaur skeletons (Vaults:2)
  A jumping spider (Vaults:4)
  A jumping spider (shapeshifter) (Vaults:3)
  An ice devil (Depths:1)
  24 merfolk
  A giant leech (Lair:8)
  9 trolls
  A queen bee (shapeshifter) (Vaults:2)
  10 wind drakes
  A polar bear (Lair:8)
  6 boulder beetles
  22 two-headed ogres
  13 blink frogs
  31 slime creatures
  A blink frog (shapeshifter) (Depths:1)
  Grinder (D:6)
  A stone giant simulacrum (Vaults:3)
  5 snapping turtles
  2 ettin skeletons
  3 vampires
  14 redbacks
  A spriggan (shapeshifter) (Vaults:1)
  2 shadows
  32 air elementals
  A human (D:7)
  A tarantella (shapeshifter) (Elf:1)
  A tarantella (Depths:1)
  18 water elementals
  43 yaks
  A wraith (Vaults:2)
  3 wyverns
  A ynoxinul (Depths:1)
  7 fire elementals
  Eustachio (D:5)
  A basilisk (shapeshifter) (Vaults:2)
  3 basilisks
  A human (shapeshifter) (D:14)
  A hungry ghost (D:9)
  A steam dragon (D:15)
  33 vampire mosquitoes
  A mottled dragon (D:14)
  Menkaure (D:5)
  16 hippogriffs
  A yaktaur simulacrum (Vaults:3)
  A soldier ant (shapeshifter) (Vaults:2)
  10 insubstantial wisps (WizLab)
  49 nagas
  A soldier ant (D:15)
  4 wargs (Orc:2)
  6 water moccasins
  4 hell hounds
  2 black bears
  5 porcupines
  5 sky beasts
  45 orc warriors
  3 ice beasts
  Duvessa (D:6)
  2 phantoms
  2 necrophages
  29 ogres
  22 wolves
  16 centaurs
  15 crocodiles
  A big kobold (D:10)
  Blork the orc (D:5)
  2 elf zombies (D:13)
  33 giant frogs
  2 earth elementals
  A wyvern zombie (D:10)
  An elf skeleton (D:13)
  3 water moccasin zombies (Ossuary)
  6 scorpions
  A wyvern skeleton (D:15)
  Dowan (D:6)
  A human simulacrum (Vaults:2)
  19 killer bees
  6 electric eels
  5 wights
  4 howler monkeys (D:10)
  8 crimson imps
  4 giant frog zombies
  6 jellies
  3 quasits (Depths:1)
  41 orc priests
  4 centaur skeletons
  7 hounds
  3 human zombies (D:13)
  Crazy Yiuf (D:5)
  5 giant frog skeletons
  39 orc wizards
  Terence (D:2)
  10 iguanas
  6 human skeletons
  9 worker ants
  35 sheep
  2 big kobold zombies (Ossuary)
  A hound skeleton (D:4)
  2 worker ant zombies
  2 mummies (Ossuary)
  4 gnolls (D:6)
  A howler monkey skeleton (D:4)
  14 adders
  50 river rats
  8 shadow imps
  A white imp (Depths:1)
  An ufetubus (Depths:1)
  2 oozes
  4 adder zombies (Ossuary)
  2 adder skeletons
  4 worms
  A dart slug (D:1)
  4 giant geckos
  144 orcs
  6 giant cockroaches
  14 goblins
  11 hobgoblins
  3 jackals (D:8)
  6 quokkas
  A ball python (D:3)
  4 bats
  A giant gecko skeleton (D:7)
  8 giant newts
  5 hobgoblin zombies (Ossuary)
  6 kobolds
  6 kobold zombies (Ossuary)
  2 orc skeletons
  8 orc zombies (Ossuary)
  A quokka zombie (D:7)
  5 rats (D:3)
  A butterfly (Lair:3)
  2 crawling corpses (Elf:3)
  7 fungi
  45 plants
  A tentacle (Shoals:4)
1931 creatures vanquished.

Vanquished Creatures (collateral kills)
  An iguana (Lair:6)
  6 river rats (Lair:6)
7 creatures vanquished.

Vanquished Creatures (others)
  A deep elf master archer (Elf:3)
  A frost giant (Shoals:4)
  A deep elf elementalist (Elf:3)
  A stone giant (Vaults:4)
  A merfolk javelineer (Shoals:4)
  2 centaur warriors (Vaults:3)
  A satyr (Shoals:2)
  An orc knight (Vaults:4)
  6 deep elf archers
  2 deep elf magi (Elf:2)
  2 fauns
  A salamander (Snake:4)
  A cyclops (Vaults:1)
  A naga mage (Snake:4)
  5 yaktaurs
  A merfolk (Shoals:1)
  3 centaurs
  A giant frog (D:15)
  A bush (D:6)
  9 fungi
  20 plants
  20 tentacles
  90 tentacle segments (Shoals:4)
172 creatures vanquished.

Grand Total: 2110 creatures vanquished

Notes
Turn   | Place    | Note
--------------------------------------------------------------
     0 | D:1      | dvd the Deep Dwarf Fighter began the quest for the Orb.
     0 | D:1      | Reached XP level 1. HP: 20/20 MP: 1/1
   190 | D:1      | Reached XP level 2. HP: 27/27 MP: 2/2
   385 | D:1      | You fall through a shaft!
   407 | D:2      | Reached skill level 1 in Slings
   439 | D:2      | Reached XP level 3. HP: 34/34 MP: 3/3
   634 | D:2      | Noticed Terence
   653 | D:2      | Killed Terence
   653 | D:2      | Reached XP level 4. HP: 32/42 MP: 4/4
  1337 | D:3      | Reached XP level 5. HP: 29/49 MP: 5/5
  1347 | D:3      | Reached skill level 1 in Dodging
  2048 | D:4      | Noticed an ogre
  2056 | D:4      | Killed an ogre
  2056 | D:4      | Reached XP level 6. HP: 31/56 MP: 6/6
  2205 | D:4      | Noticed Biblin's ghost (novice GrFE)
  2227 | D:4      | Killed Biblin's ghost
  2227 | D:4      | Reached skill level 5 in Slings
  2227 | D:4      | Reached XP level 7. HP: 42/62 MP: 7/7
  2285 | D:4      | Reached skill level 5 in Shields
  2806 | D:5      | Entered Level 5 of the Dungeon
  2837 | D:5      | Noticed Menkaure
  2846 | D:5      | Killed Menkaure
  2908 | D:5      | Noticed Eustachio
  2910 | D:5      | Noticed Blork the orc
  2939 | D:5      | Killed Blork the orc
  2939 | D:5      | Reached skill level 1 in Evocations
  3063 | D:5      | Killed Eustachio
  3063 | D:5      | Reached XP level 8. HP: 47/70 MP: 7/7
  3351 | D:5      | Noticed Prince Ribbit
  3396 | D:5      | Noticed Crazy Yiuf
  3411 | D:5      | Killed Crazy Yiuf
  3482 | D:5      | Found Loegruets's Distillery.
  3486 | D:5      | Bought 2 potions of curing for 72 gold pieces
  3486 | D:5      | Bought 2 potions of curing for 72 gold pieces
  3724 | D:6      | Found a sand-covered staircase.
  3784 | Ossuary  | Entered an ossuary
  3887 | Ossuary  | Reached skill level 5 in Axes
  3887 | Ossuary  | Reached skill level 5 in Armour
  4014 | Ossuary  | Gained mutation: Your spells are a little easier to cast, but a little less powerful. [potion of mutation]
  4014 | Ossuary  | Gained mutation: You have a pair of small horns on your head. [potion of mutation]
  4014 | Ossuary  | Gained mutation: You are dopey. (Int -2) [potion of mutation]
  4015 | Ossuary  | Lost mutation: Your spells are a little easier to cast, but a little less powerful. [potion of cure mutation]
  4015 | Ossuary  | Lost mutation: You are dopey. (Int -2) [potion of cure mutation]
  4015 | Ossuary  | Lost mutation: You have a pair of small horns on your head. [potion of cure mutation]
  4391 | D:6      | Found a staircase to the Ecumenical Temple.
  4401 | D:6      | Reached skill level 1 in Stealth
  4457 | Temple   | Entered the Ecumenical Temple
  4552 | Temple   | Became a worshipper of Elyvilon the Healer
  4739 | D:6      | Gained mutation: You passively map the area around you. [Deep Dwarf growth]
  4739 | D:6      | Reached XP level 9. HP: 45/78 MP: 9/9
  4930 | D:6      | Found a shattered altar of Ashenzari.
  4934 | D:6      | Saw a vision of the Shoals and the Snake Pit.
  4934 | D:6      | Noticed a sea snake
  4934 | D:6      | Noticed a naga sharpshooter
  4934 | D:6      | Noticed a naga warrior
  4934 | D:6      | Noticed a naga mage
  4934 | D:6      | Noticed a naga warrior
  4935 | D:6      | Noticed a sea snake
  4936 | D:6      | Noticed a merfolk
  4937 | D:6      | Noticed a merfolk
  4937 | D:6      | Noticed a naga sharpshooter
  4939 | D:6      | Noticed Dowan
  4941 | D:6      | Noticed Duvessa
  4946 | D:6      | Killed Dowan
  4946 | D:6      | Reached skill level 1 in Throwing
  4952 | D:6      | Killed Duvessa
  5047 | D:6      | Noticed Grinder
  5061 | D:6      | Paralysed by Grinder for 6 turns
  5074 | D:6      | Killed Grinder
  5614 | D:7      | Found a burning altar of Makhleb.
  5928 | D:7      | Reached skill level 5 in Fighting
  6367 | D:8      | Reached * piety under Elyvilon
  6393 | D:8      | Reached XP level 10. HP: 53/88 MP: 9/9
  6777 | D:8      | Found a staircase to the Lair.
  6873 | D:8      | Found a sacrificial altar of Ru.
  6873 | D:8      | Found a basalt altar of Yredelemnul.
  7307 | D:9      | Reached ** piety under Elyvilon
  7631 | D:9      | Reached skill level 1 in Invocations
  7644 | D:9      | Noticed a gargoyle
  7654 | D:9      | Killed a gargoyle
  7662 | D:9      | Reached skill level 2 in Invocations
  8221 | Lair:1   | Entered Level 1 of the Lair of Beasts
  8539 | Lair:1   | Reached XP level 11. HP: 92/97 MP: 11/11
  8585 | Lair:1   | Reached skill level 3 in Invocations
  8823 | Lair:1   | Reached *** piety under Elyvilon
  9432 | Lair:2   | Reached skill level 5 in Dodging
  9452 | Lair:2   | Reached skill level 4 in Invocations
 10046 | Lair:3   | Noticed a four-headed hydra
 10195 | Lair:3   | Killed a four-headed hydra
 10195 | Lair:3   | Reached skill level 10 in Axes
 10195 | Lair:3   | Reached skill level 5 in Invocations
 10497 | Lair:3   | Found a staircase to the Snake Pit.
 10535 | Lair:3   | Noticed a death yak
 10536 | Lair:3   | Noticed a death yak
 10573 | Lair:3   | Killed a death yak
 10585 | Lair:3   | Killed a death yak
 10908 | Lair:3   | Noticed a death yak
 10909 | Lair:3   | Noticed a death yak
 10910 | Lair:3   | Noticed a death yak
 10911 | Lair:3   | Noticed a death yak
 10938 | Lair:3   | Killed a death yak
 10938 | Lair:3   | Reached skill level 6 in Invocations
 10942 | Lair:3   | Killed a death yak
 10959 | Lair:3   | Killed a death yak
 10972 | Lair:3   | Killed a death yak
 10972 | Lair:3   | Reached XP level 12. HP: 43/106 MP: 13/15
 11030 | Lair:3   | Reached skill level 7 in Invocations
 11304 | Lair:4   | Found a labyrinth entrance.
 11326 | Lab      | Entered a labyrinth
 11817 | Lab      | Noticed a minotaur
 11824 | Lab      | Killed a minotaur
 11846 | Lab      | Got a scorched war axe
 11846 | Lab      | Got a spiked cloak
 11863 | Lab      | Identified the +0 cloak "Pinkamio" {Slay+3} (You found it in a labyrinth)
 11874 | Lab      | Identified the +8 war axe of Modesty {drain, rF+} (You found it in a labyrinth)
 12049 | Lair:4   | Noticed a fire dragon
 12066 | Lair:4   | Killed a fire dragon
 12330 | Lair:4   | Reached **** piety under Elyvilon
 13051 | Lair:5   | Reached skill level 8 in Invocations
 13783 | Lair:6   | Noticed a five-headed hydra
 13794 | Lair:6   | Killed a five-headed hydra
 13794 | Lair:6   | Reached skill level 5 in Throwing
 13857 | Lair:6   | Got a pitted chain mail
 13868 | Lair:6   | Identified the +3 chain mail of Surprise {Dex+2} (You found it on level 6 of the Lair of Beasts)
 14175 | Lair:6   | Found a staircase to the Shoals.
 14506 | Lair:7   | Reached skill level 10 in Shields
 14683 | Lair:7   | Reached skill level 9 in Invocations
 14741 | Lair:7   | Reached XP level 13. HP: 86/117 MP: 17/17
 14753 | Lair:7   | Noticed nikopol's ghost (journeyman MiBe)
 14784 | Lair:7   | Killed nikopol's ghost
 14791 | Lair:7   | Found a stormy altar of Qazlal.
 15566 | Lair:8   | Entered Level 8 of the Lair of Beasts
 15593 | Lair:8   | Reached skill level 10 in Invocations
 16308 | Lair:8   | Got a faintly glowing platinum ring
 16323 | Lair:8   | Identified the ring "Nueciles" {rC+ MR- Str+6 Dex+2 Stlth-} (You found it on level 8 of the Lair of Beasts)
 16400 | Lair:8   | Found a staircase to the Slime Pits.
 16680 | D:10     | Entered Level 10 of the Dungeon
 16680 | D:10     | Noticed Galewin's ghost (journeyman MiBe)
 16701 | D:10     | Killed Galewin's ghost
 16765 | D:10     | Gained mutation: You resist negative energy. [Deep Dwarf growth]
 16765 | D:10     | Reached XP level 14. HP: 101/127 MP: 20/20
 16767 | D:10     | Noticed Psyche
 16781 | D:10     | Reached skill level 11 in Invocations
 16804 | D:10     | Killed Psyche
 17486 | D:11     | Found Sung's Armour Shoppe.
 17500 | D:11     | Found a staircase to the Orcish Mines.
 17519 | D:11     | Found Buqar's Weapon Shoppe.
 18790 | Orc:1    | Entered Level 1 of the Orcish Mines
 18843 | Orc:2    | Entered Level 2 of the Orcish Mines
 19085 | Orc:2    | Found a roughly hewn altar of Beogh.
 19140 | Orc:2    | Found Gionk's Book Boutique.
 19172 | Orc:2    | Found a staircase to the Elven Halls.
 19253 | Orc:2    | Found a roughly hewn altar of Beogh.
 19376 | Orc:2    | Found Muox's Weapon Shoppe.
 19391 | Orc:2    | Reached skill level 10 in Armour
 19435 | Orc:2    | Found Redeolixef's Jewellery Boutique.
 19621 | Orc:2    | Found Afaifopi's Food Boutique.
 19662 | Orc:2    | Found Poveramy's Distillery.
 19681 | Orc:2    | Bought a potion of heal wounds for 75 gold pieces
 19902 | Orc:2    | Noticed Azrael
 19920 | Orc:2    | Killed Azrael
 19920 | Orc:2    | Reached skill level 12 in Invocations
 20181 | Orc:1    | Found a deep blue altar of Sif Muna.
 20204 | Orc:1    | Identified Sif Muna's Disquisition on Conjuration
 20356 | Orc:1    | Noticed curty's ghost (journeyman NaFE)
 20369 | Orc:1    | Killed curty's ghost
 20885 | D:11     | Bought the +6 chain mail "Fufi" {rPois MR+ rCorr Str+3} for 948 gold pieces
 21073 | D:12     | Noticed Frances
 21102 | D:12     | Killed Frances
 21172 | D:11     | Bought the +10 flail of Foul Odors {crush, rC+ MP+9} for 1038 gold pieces
 22030 | D:13     | Reached XP level 15. HP: 107/136 MP: 21/22
 22176 | D:13     | Found Raxacsar's Weapon Shoppe.
 22223 | D:13     | Reached skill level 1 in Maces & Flails
 22240 | D:13     | Reached ***** piety under Elyvilon
 22339 | D:13     | Found a basalt altar of Yredelemnul.
 22743 | D:14     | Noticed Louise
 22754 | D:14     | Killed Louise
 22923 | D:14     | Found a sacrificial altar of Ru.
 22996 | D:14     | Reached skill level 13 in Invocations
 23016 | D:14     | Noticed Sonja
 23028 | D:14     | Killed Sonja
 23319 | D:14     | Found a gate to the Vaults.
 23709 | Snake:1  | Entered Level 1 of the Snake Pit
 23874 | Snake:1  | Reached skill level 10 in Fighting
 24076 | Snake:1  | Noticed nikopol's ghost (adept MiBe)
 24270 | Snake:1  | Killed nikopol's ghost
 24667 | Snake:2  | Noticed a greater naga
 24682 | Snake:2  | Noticed Donald
 24686 | Snake:2  | Killed a greater naga
 24699 | Snake:2  | Noticed Aizul
 24702 | Snake:2  | Killed Donald
 24723 | Snake:2  | Noticed Wiglaf
 24771 | Snake:2  | Killed Aizul
 24912 | Snake:2  | Noticed a greater naga
 25022 | Snake:2  | Killed Wiglaf
 25174 | Snake:2  | Killed a greater naga
 25230 | Snake:2  | Reached skill level 14 in Invocations
 25232 | Snake:2  | Reached XP level 16. HP: 109/146 MP: 24/24
 26576 | Snake:4  | Entered Level 4 of the Snake Pit
 26941 | Snake:4  | Reached skill level 10 in Throwing
 27072 | Snake:4  | Reached skill level 15 in Invocations
 27795 | Snake:4  | Reached XP level 17. HP: 127/154 MP: 26/26
 27835 | Snake:4  | Reached skill level 10 in Slings
 28159 | Snake:4  | Reached skill level 15 in Axes
 28636 | Snake:4  | Reached skill level 5 in Evocations
 28704 | Snake:4  | Got a serpentine rune of Zot
 29039 | Shoals:1 | Entered Level 1 of the Shoals
 29618 | Shoals:1 | Reached skill level 5 in Stealth
 30568 | Shoals:3 | Got a slimy morningstar
 30569 | Shoals:3 | Identified the +6 morningstar of the Eleven Eyes {flame, rPois rC++ Int+2 Dex-5} (You found it on level 3 of the Shoals)
 30959 | Shoals:3 | Gained mutation: You passively map a large area around you. [Deep Dwarf growth]
 30959 | Shoals:3 | Reached XP level 18. HP: 161/165 MP: 27/27
 31139 | Shoals:3 | Got a fine helmet
 31150 | Shoals:3 | Identified the cursed -4 helmet "Noimpota" {MR- rCorr Stlth+} (You found it on level 3 of the Shoals)
 31464 | Shoals:4 | Entered Level 4 of the Shoals
 31631 | Shoals:4 | Noticed Ilsuiw
 31682 | Shoals:4 | Killed Ilsuiw
 32122 | Shoals:4 | Got an ichor-stained rapier
 32268 | Shoals:4 | Identified the +5 rapier "Ucadian" {freeze, Dex+6} (You found it on level 4 of the Shoals)
 32467 | Shoals:4 | Got a barnacled rune of Zot
 32561 | Shoals:4 | Reached skill level 16 in Invocations
 33189 | Elf:1    | Entered Level 1 of the Elven Halls
 33420 | Elf:1    | Identified Oppim's Grimoire of the Escort
 33427 | Elf:1    | Learned a level 5 spell: Aura of Abjuration
 33651 | Elf:1    | Reached skill level 1 in Summonings
 33653 | Elf:1    | Reached skill level 1 in Spellcasting
 33821 | Elf:1    | Noticed Agnes
 33835 | Elf:1    | Killed Agnes
 33944 | Elf:1    | Found Gudum's Assorted Antiques.
 33951 | Elf:1    | Bought a scroll of enchant armour for 180 gold pieces
 34150 | Elf:1    | Reached XP level 19. HP: 123/174 MP: 28/28
 34483 | Elf:2    | Found Wugudana's Distillery.
 34811 | Elf:2    | Found a runed gate.
 34811 | Elf:2    | Found a runed gate.
 34811 | Elf:2    | Found a runed gate.
 35265 | Elf:2    | Reached skill level 5 in Maces & Flails
 35551 | Elf:3    | Entered Level 3 of the Elven Halls
 35670 | Elf:3    | Found a magical portal.
 35684 | WizLab   | Entered The Chambers of Pacug the Cloud Mage
 35854 | WizLab   | Reached skill level 15 in Shields
 36279 | WizLab   | Noticed Pacug
 36382 | WizLab   | Identified the Catalogue of the Birds (You found it in a wizard's laboratory)
 36391 | WizLab   | Identified Haged's Volume of the Birds (You found it in a wizard's laboratory)
 36444 | WizLab   | Killed Pacug the Cloud Mage
 36766 | Elf:3    | Reached skill level 5 in Summonings
 37002 | Elf:3    | Reached XP level 20. HP: 101/183 MP: 29/29
 37299 | Elf:3    | Found a radiant altar of Vehumet.
 37614 | Elf:3    | Got an encrusted morningstar {drain}
 37615 | Elf:3    | Identified the +11 morningstar of the Morning {drain, rF+ Int+2} (You took it off a deep elf death mage on level 3 of the Elven Halls)
 37619 | Elf:3    | Got a smoking scale mail
 37673 | Elf:3    | Identified the +3 scale mail "Geepn" {-Tele rN+ MR+ Int+2} (You found it on level 3 of the Elven Halls)
 37718 | Elf:3    | Got a jewelled flail
 37719 | Elf:3    | Identified the +0 flail "Imat" {antimagic, rPois} (You found it on level 3 of the Elven Halls)
 37727 | Elf:3    | Got a steaming spear
 37728 | Elf:3    | Identified the +1 spear "Wamisong" {drain, rPois MR+ Stlth+} (You found it on level 3 of the Elven Halls)
 37747 | Elf:3    | Got a heavily runed leather armour
 37758 | Elf:3    | Identified the cursed +1 leather armour "Lereut" {Regen+ Int+6 Dex+3 Stlth+} (You found it on level 3 of the Elven Halls)
 37791 | Elf:3    | Got a slimy long sword
 37792 | Elf:3    | Identified the +7 long sword "Wocaireo" {slice, rF+} (You found it on level 3 of the Elven Halls)
 37846 | Elf:3    | Got a bloodstained leather armour
 37857 | Elf:3    | Identified the +3 leather armour "Rohuipn" {*Drain +Fly rF+ rC+} (You took it off a deep elf death mage on level 3 of the Elven Halls)
 37880 | Elf:3    | Learned a level 2 spell: Blink
 37908 | Elf:3    | Got a jewelled great sword {freeze}
 37914 | Elf:3    | Identified the +5 great sword of Tender Mercy {freeze, Stlth+} (You took it off a deep elf mage on level 3 of the Elven Halls)
 38183 | Elf:3    | Reached skill level 1 in Translocations
 38533 | D:15     | Entered Level 15 of the Dungeon
 38551 | D:15     | Found an iron altar of Okawaru.
 39085 | D:15     | Found a staircase to the Depths.
 39528 | Vaults:1 | Entered Level 1 of the Vaults
 39840 | Vaults:1 | Reached skill level 5 in Spellcasting
 40088 | Vaults:1 | Found a burning altar of Makhleb.
 40999 | Vaults:2 | Found Notaon's Weapon Shoppe.
 41073 | Vaults:2 | Reached skill level 17 in Invocations
 41278 | Vaults:2 | Found a staircase to the Crypt.
 41700 | Vaults:2 | Reached XP level 21. HP: 156/192 MP: 29/29
 42221 | Vaults:2 | Reached skill level 5 in Translocations
 43947 | Vaults:4 | Noticed Saint Roka
 44012 | Vaults:4 | Found a radiant altar of Vehumet.
 44328 | Vaults:4 | Killed Saint Roka
 45508 | Depths:1 | Entered Level 1 of the Depths
 45882 | Depths:1 | Found a one-way gate to the infinite horrors of the Abyss.
 45981 | Depths:1 | Found a gateway to Hell.
 46290 | Depths:1 | Reached skill level 18 in Invocations
 46480 | Depths:1 | Reached XP level 22. HP: 193/201 MP: 31/31
 46717 | Depths:1 | Demolished by a white very ugly thing

Skill      XL: |  1  2  3  4  5  6  7  8  9 10 11 12 13 14 15 16 17 18 19 20 21 |
---------------+----------------------------------------------------------------+-----
Slings         | 1 2 3 5 6 8 9 11 12 | 12.3
Fighting       | 3 4 5 6 7 8 9 10 11 12 | 12.9
Axes           | 3 4 6 7 9 10 11 12 13 14 15 16 17 | 17.9
Dodging        | 1 2 3 4 5 6 7 8 9 |  9.8
Armour         | 4 5 6 8 9 10 11 12 13 | 13.1
Shields        | 4 5 6 7 8 9 10 11 12 13 14 15 16 | 16.1
Evocations     | 1 2 3 4 5 6 |  6.6
Stealth        | 1 3 4 6 7 |  7.2
Throwing       | 1 3 4 5 7 8 10 11 12 13 | 13.7
Invocations    | 2 6 9 10 12 14 15 16 17 18 | 18.0
Maces & Flails | 3 4 5 |  5.6
Summonings     | 1 5 7 8 |  8.6
Spellcasting   | 1 4 5 7 |  7.1
Translocations | 4 5 |  5.3

Action                   |  1- 3 |  4- 6 |  7- 9 | 10-12 | 13-15 | 16-18 | 19-21 | 22-24 || total
-------------------------+-------+-------+-------+-------+-------+-------+-------+-------++-------
Melee: War axe           |    67 |   149 |   494 |   742 |   900 |   417 |   716 |    36 ||  3521
       Mace              |       |       |       |     9 |       |       |       |       ||     9
       Flail             |       |       |       |       |   276 |   200 |   354 |       ||   830
       Broad axe         |       |       |       |       |    22 |   291 |   376 |       ||   689
 Fire: Hunting sling     |    43 |    92 |   158 |    17 |    64 |   221 |       |       ||   595
       Greatsling        |       |       |       |       |       |     7 |   405 |       ||   412
Throw: Tomahawk          |       |     4 |    22 |   163 |   486 |   260 |   140 |       ||  1075
       Stone             |       |       |       |       |     2 |       |       |       ||     2
       Javelin           |       |       |       |       |       |   317 |   453 |    12 ||   782
Invok: Lesser Healing    |       |       |       |    83 |   185 |   170 |   229 |     4 ||   671
       Heal Other        |       |       |       |     2 |       |     1 |       |       ||     3
 Abil: Device Recharging |       |       |     2 |       |       |     1 |     1 |       ||     4
Evoke: Wand              |       |     3 |     6 |     4 |    33 |    86 |    17 |     2 ||   151
       Sack of spiders   |       |       |       |       |       |     2 |     1 |       ||     3
  Use: Potion            |       |     5 |    11 |     5 |     3 |    16 |     4 |       ||    44
       Scroll            |       |       |    19 |    16 |    15 |    19 |    14 |       ||    83
 Stab: Paralysed         |       |       |       |     9 |       |    15 |    10 |       ||    34
       Confused          |       |       |       |       |     2 |       |       |       ||     2
       Distracted        |       |       |       |       |       |     1 |     1 |       ||     2
  Eat: Chunk             |       |     5 |    14 |    42 |    49 |    37 |    56 |       ||   203
       Pizza             |       |       |     1 |       |     3 |     6 |     1 |       ||    11
       Beef jerky        |       |       |       |     1 |     6 |     4 |     2 |       ||    13
       Royal jelly       |       |       |       |       |       |     2 |     3 |       ||     5
       Fruit             |       |       |       |       |       |       |     2 |       ||     2
       Meat ration       |       |       |       |       |       |       |     1 |       ||     1
Armor: Scale mail        |    39 |     5 |       |       |       |       |       |       ||    44
       Chain mail        |       |    82 |   271 |   224 |   384 |   277 |   337 |    13 ||  1588
Dodge: Dodged            |    17 |    44 |   166 |   212 |   374 |   408 |   482 |    11 ||  1714
Block: Shield            |    30 |   100 |   324 |   329 |   636 |   738 |  1103 |    35 ||  3295
       Large shield      |       |       |       |       |   135 |       |       |       ||   135
       Reflection        |       |       |       |       |     6 |   143 |   109 |     1 ||   259
